BlackHawks vs Panthers

Created - February-04-15 at 17:59

Goals
1 2 3 T
BlackHawks 1 0 0 1
Panthers 0 1 2 3
Shots
1 2 3 T
BlackHawks 8 5 12 25
Panthers 7 19 12 38

1st period

1. BlackHawks , Douglas Murray 5 (Nathan Horton, Mike Komisarek) at 2:55

Penalties :
Matt Niskanen (FLA) for Boarding (Minor) at 3:42, Niklas Hjalmarsson (FLA) for Interference (Minor) at 4:48, Niklas Hjalmarsson (FLA) for Hooking (Minor) at 16:52, Mike Komisarek (CHI) for Boarding (Minor) at 19:52

2nd period

2. Panthers , Clarke MacArthur 8 (Matt Niskanen, Mark Scheifele) at 17:21

Penalties :
Dion Phaneuf (CHI) for High sticking (Minor) at 6:57, Chris Stewart (CHI) for Holding Stick (Minor) at 12:18, Dion Phaneuf (CHI) for Hooking (Minor) at 13:49

3rd period

3. Panthers , Danny DeKeyser 9 (T.J. Brodie, Patric Hornqvist) at 13:31 (PP)
4. Panthers , Nathan MacKinnon 13 (Matt Duchene, Niklas Hjalmarsson) at 14:52

Penalties :
Matt Niskanen (FLA) for Fighting (Major) at 2:32, Dion Phaneuf (CHI) for Fighting (Major) at 2:32, Eddie Lack (CHI) for Slashing (Minor) at 3:34 - Douglas Murray served the penalty., Matt Carle (FLA) for Roughing (Minor) at 8:15, Mike Komisarek (CHI) for Slashing (Minor) at 11:40, Mike Komisarek (CHI) for Hooking (Minor) at 16:54, Douglas Murray (CHI) for Hooking (Minor) at 19:29

Goalie Stats

Eddie Lack (CHI), 35 saves from 38 shots - (0.921), L, 10-16-2, 60:00 minutes
Ben Bishop (FLA), 24 saves from 25 shots - (0.960), W, 21-17-5, 60:00 minutes

Players Stats for BlackHawks

Player Name              G  A  P  +/- PIM S  H  SB GA TA FO     MP     PP MP  PK MP  
------------------------------------------------------------------------------------
Alex Galchenyuk          0  0  0  -1  0   7  0  0  0  0  4/7    18:19   3:00   2:57 
Brandon Bollig           0  0  0   1  0   1  0  0  0  0  1/3    19:03   4:03   8:16 
Chris Stewart            0  0  0  -1  2   2  2  0  0  0  0/1    15:31   3:00   0:00 
Dion Phaneuf             0  0  0  -1  9   2  4  0  0  0  0/0    20:16   4:23   3:28 
Douglas Murray           1  0  1   0  2   3  1  2  0  0  0/0    21:41   2:40   5:50 
Dwight King              0  0  0  -1  0   2  0  0  0  0  0/2    20:05   4:03   5:03 
Jared Boll               0  0  0   0  0   0  1  0  0  0  0/1     9:05   0:00   0:00 
Jarred Tinordi           0  0  0  -1  0   2  2  0  0  0  0/0    21:45   4:09   3:42 
Lars Eller               0  0  0  -1  0   0  2  0  0  0  9/23   15:49   4:03   0:34 
Luke Schenn              0  0  0   0  0   1  2  1  0  0  0/0    22:25   2:40   6:49 
Martin Hanzal            0  0  0  -1  0   2  1  0  0  0  18/32  20:19   3:00   4:57 
Matt Greene              0  0  0   0  0   0  1  0  0  0  0/0    20:04   0:14   7:11 
Mike Komisarek           0  1  1   0  6   1  1  1  0  0  0/0    13:42   0:00   0:33 
Mike Richards            0  0  0  -1  0   1  0  0  0  0  0/0    10:59   0:00   0:00 
Nathan Horton            0  1  1   1  0   1  0  0  0  0  0/0     6:44   0:00   0:00 
Patrick Bordeleau        0  0  0   0  0   0  1  0  0  0  0/0     9:05   0:00   0:00 
Trevor Lewis             0  0  0   0  0   0  0  0  0  0  4/5     9:05   0:00   0:00 
Zack Smith               0  0  0   1  0   0  0  0  0  0  7/18   11:40   0:00   5:19 

Players Stats for Panthers

Player Name              G  A  P  +/- PIM S  H  SB GA TA FO     MP     PP MP  PK MP  
------------------------------------------------------------------------------------
Clarke MacArthur         1  0  1   0  0   5  1  0  0  0  0/0     8:55   0:00   0:00 
Danny DeKeyser           1  0  1   1  0   2  2  2  0  0  0/0    25:49   5:19   4:06 
Hampus Lindholm          0  0  0   0  0   3  0  0  0  0  0/0    17:15   8:28   0:53 
Henrik Zetterberg        0  0  0   0  0   5  2  0  0  0  18/34  22:45   6:18   4:28 
Justin Williams          0  0  0   0  0   0  0  0  0  0  0/2     8:55   0:00   0:00 
Lauri Korpikoski         0  0  0   0  0   0  1  0  0  0  0/0     6:41   0:00   3:05 
Marian Hossa             0  0  0   0  0   2  6  0  0  0  0/2    20:32   6:18   2:15 
Mark Scheifele           0  1  1   0  0   1  1  0  0  0  11/16  12:31   0:00   0:00 
Matt Carle               0  0  0   0  2   1  2  1  0  0  0/0    15:40   0:24   1:44 
Matt Duchene             0  1  1   1  0   3  2  1  0  0  17/32  24:32   7:29   2:23 
Matt Niskanen            0  1  1   0  7   1  1  0  0  0  0/0    16:21   7:10   0:00 
Nathan MacKinnon         1  0  1   1  0   6  0  0  0  0  1/2    22:09   7:29   0:00 
Niklas Hjalmarsson       0  1  1   1  4   1  0  2  0  0  0/0    19:01   0:54   1:44 
Patric Hornqvist         0  1  1   1  0   1  3  0  0  0  0/0    23:11   7:29   1:02 
Rick Nash                0  0  0   0  0   3  2  0  0  0  2/4    18:17   6:18   0:00 
Rob Klinkhammer          0  0  0   0  0   0  2  0  0  0  0/0     3:36   0:00   0:00 
Sami Salo                0  0  0   0  0   1  1  0  0  0  0/0     6:00   0:00   2:56 
T.J. Brodie              0  1  1   0  0   3  1  1  0  0  0/0    19:49   5:19   2:42 

3 Stars

1 - Ben Bishop (FLA)
2 - Danny DeKeyser (FLA)
3 - Nathan MacKinnon (FLA)

Power Play

BlackHawks - 0 on 4 Attempt(s) - 0.00%
Panthers - 1 on 8 Attempt(s) - 12.50%

Penalty Kill

BlackHawks - 7 on 8 Attempt(s) - 87.50% - Score 0 goal in Penalty Kill
Panthers - 4 on 4 Attempt(s) - 100.00% - Score 0 goal in Penalty Kill

Team Stat

BlackHawks - Hits : 18 - Faceoff Wins : 43 - Blocked Shots : 4 - Penalty Minutes : 19
Panthers - Hits : 27 - Faceoff Wins : 49 - Blocked Shots : 7 - Penalty Minutes : 13

Official

Referees : Brian Pochmara and Brad Meier
Linesman : Derek Nansen and John Grandt

Game Notes

Matt Niskanen and Dion Phaneuf fight to a draw at 2:32 of 3rd period
Zack Smith is injured at 11:42 of 3rd period (Left Foot)

Finance

Level 1 -- Attendance: 5913 (98.55%) -- Ticket Income $632,691
Level 2 -- Attendance: 4841 (96.82%) -- Ticket Income $372,757
Level 3 -- Attendance: 3287 (93.91%) -- Ticket Income $170,924
Level 4 -- Attendance: 2891 (77.09%) -- Ticket Income $72,275
Luxury Box -- Attendance: 965 (96.50%) -- Ticket Income $193,000
Game was played at the BBT Center'
Total Attendance: 17897 (92.97%)
Total Ticket Income: $1,441,647
Other Income: $216,247
Total Income: $1,657,894

% Time on Ice - BlackHawks

Lines # - Real PCT - Wanted PCT - Time Play
Normal Forward
1 - 32% - 32% - 12:22
2 - 28% - 28% - 10:59
3 - 17% - 20% - 6:44
4 - 23% - 20% - 9:05
Normal Defense
1 - 34% - 40% - 13:19
2 - 31% - 32% - 12:04
3 - 34% - 28% - 13:12
4 - 1% - 0% - 0:35
PP Forward
1 - 43% - 55% - 3:00
2 - 57% - 45% - 4:03
PP Defense
1 - 62% - 60% - 4:23
2 - 38% - 40% - 2:40
PK Forward
1 - 65% - 55% - 8:36
2 - 35% - 45% - 4:43
PK Defense
1 - 51% - 55% - 6:44
2 - 49% - 45% - 6:35
PK3 Forward
1 - 50% - 50% - 0:14
2 - 50% - 50% - 0:14
PK3 Defense
1 - 50% - 55% - 0:14
2 - 50% - 45% - 0:14
44 Forward
1 - 0% - 55%
2 - 0% - 45%
44 Defense
1 - 0% - 55%
2 - 0% - 45%
Last Minute Offensive  - 0:00
Last Minute Defensive  - 0:00
Total
Forward - 60:00
Defense - 60:00

% Time on Ice - Panthers

Lines # - Real PCT - Wanted PCT - Time Play
Normal Forward
1 - 37% - 40% - 14:40
2 - 31% - 35% - 11:59
3 - 23% - 20% - 8:55
4 - 9% - 5% - 3:36
Normal Defense
1 - 42% - 40% - 16:24
2 - 30% - 30% - 11:48
3 - 20% - 20% - 7:54
4 - 8% - 10% - 3:04
PP Forward
1 - 54% - 60% - 7:29
2 - 46% - 40% - 6:18
PP Defense
1 - 61% - 60% - 8:28
2 - 39% - 40% - 5:19
PK Forward
1 - 64% - 60% - 3:55
2 - 36% - 40% - 2:15
PK Defense
1 - 69% - 60% - 4:17
2 - 31% - 40% - 1:53
PK3 Forward
1 - 85% - 65% - 0:45
2 - 15% - 35% - 0:08
PK3 Defense
1 - 45% - 60% - 0:24
2 - 55% - 40% - 0:29
44 Forward
1 - 0% - 60%
2 - 0% - 40%
44 Defense
1 - 0% - 60%
2 - 0% - 40%
Last Minute Offensive  - 0:00
Last Minute Defensive  - 0:00
Total
Forward - 60:00
Defense - 60:00

Play by Play

1st period


0:01 of 1st period - Matt Duchene wins face-off versus Martin Hanzal in neutral zone.
0:15 of 1st period - Alex Galchenyuk is hit by Matt Duchene.
0:25 of 1st period - Icing by Danny DeKeyser.
0:26 of 1st period - Lars Eller wins face-off versus Nathan MacKinnon in Panthers zone.
1:01 of 1st period - Nathan MacKinnon is hit by Lars Eller and loses puck.
1:32 of 1st period - Mike Richards is hit by Marian Hossa.
2:55 of 1st period - Shot by Douglas Murray.
2:55 of 1st period - Goal by Douglas Murray - BlackHawks : 1 - Panthers : 0.
2:56 of 1st period - Trevor Lewis wins face-off versus Matt Duchene in neutral zone.
3:32 of 1st period - Shot by Matt Duchene.
3:32 of 1st period - Stopped by Eddie Lack without a rebound.
3:33 of 1st period - Mark Scheifele wins face-off versus Martin Hanzal in BlackHawks zone.
3:41 of 1st period - Martin Hanzal is hit by Matt Niskanen and loses puck.
3:42 of 1st period - Minor Penalty to Matt Niskanen for Boarding.
3:43 of 1st period - Martin Hanzal wins face-off versus Henrik Zetterberg in Panthers zone.
4:00 of 1st period - Shot by Dion Phaneuf.
4:00 of 1st period - Shot Misses the Net.
4:25 of 1st period - Icing by Alex Galchenyuk.
4:26 of 1st period - Martin Hanzal wins face-off versus Matt Duchene in BlackHawks zone.
4:47 of 1st period - Shot by Brandon Bollig.
4:47 of 1st period - Deflect By Lars Eller.
4:47 of 1st period - Shot Misses the Net.
4:48 of 1st period - Minor Penalty to Niklas Hjalmarsson for Interference.
4:49 of 1st period - Henrik Zetterberg wins face-off versus Lars Eller in Panthers zone.
5:39 of 1st period - Shot by Chris Stewart.
5:39 of 1st period - Shot Misses the Net.
5:41 of 1st period - Shot by Alex Galchenyuk.
5:41 of 1st period - Stopped by Ben Bishop without a rebound.
5:42 of 1st period - Martin Hanzal wins face-off versus Henrik Zetterberg in Panthers zone.
5:55 of 1st period - Shot by Dion Phaneuf.
5:55 of 1st period - Stopped by Ben Bishop without a rebound.
5:56 of 1st period - Henrik Zetterberg wins face-off versus Lars Eller in Panthers zone.
6:16 of 1st period - Off-side.
6:17 of 1st period - Martin Hanzal wins face-off versus Henrik Zetterberg in neutral zone.
6:55 of 1st period - Shot by Justin Williams.
6:55 of 1st period - Shot Misses the Net.
7:17 of 1st period - Douglas Murray is hit by Clarke MacArthur.
7:23 of 1st period - Shot by Clarke MacArthur.
7:23 of 1st period - Stopped by Eddie Lack without a rebound.
7:24 of 1st period - Matt Duchene wins face-off versus Zack Smith in BlackHawks zone.
7:24 of 1st period - Nathan MacKinnon is hit by Luke Schenn and loses puck.
7:40 of 1st period - Icing by T.J. Brodie.
7:41 of 1st period - Matt Duchene wins face-off versus Martin Hanzal in Panthers zone.
7:45 of 1st period - Icing by Patric Hornqvist.
7:46 of 1st period - Martin Hanzal wins face-off versus Matt Duchene in Panthers zone.
7:49 of 1st period - Shot by Alex Galchenyuk.
7:49 of 1st period - Stopped by Ben Bishop without a rebound.
7:50 of 1st period - Martin Hanzal wins face-off versus Henrik Zetterberg in Panthers zone.
8:03 of 1st period - Shot by Marian Hossa.
8:03 of 1st period - Shot Misses the Net.
9:10 of 1st period - Douglas Murray is hit by Patric Hornqvist and loses puck.
9:29 of 1st period - Shot by Nathan MacKinnon.
9:29 of 1st period - Stopped by Eddie Lack without a rebound.
9:30 of 1st period - Lars Eller wins face-off versus Justin Williams in BlackHawks zone.
10:21 of 1st period - Matt Niskanen is hit by Jarred Tinordi and loses puck.
10:48 of 1st period - Shot by Patric Hornqvist.
10:48 of 1st period - Stopped by Eddie Lack with a rebound.
11:39 of 1st period - Icing by Niklas Hjalmarsson.
11:40 of 1st period - Henrik Zetterberg wins face-off versus Brandon Bollig in Panthers zone.
11:57 of 1st period - Shot by Rick Nash.
11:57 of 1st period - Stopped by Eddie Lack without a rebound.
11:58 of 1st period - Mark Scheifele wins face-off versus Lars Eller in BlackHawks zone.
12:17 of 1st period - Shot by Mark Scheifele.
12:17 of 1st period - Stopped by Eddie Lack without a rebound.
12:18 of 1st period - Martin Hanzal wins face-off versus Henrik Zetterberg in BlackHawks zone.
12:18 of 1st period - Martin Hanzal is hit by Marian Hossa.
12:39 of 1st period - Shot by Martin Hanzal.
12:39 of 1st period - Stopped by Ben Bishop without a rebound.
12:40 of 1st period - Trevor Lewis wins face-off versus Matt Duchene in Panthers zone.
12:51 of 1st period - Shot by Dion Phaneuf.
12:51 of 1st period - Shot Misses the Net.
12:53 of 1st period - Shot by Jarred Tinordi.
12:53 of 1st period - Shot Blocked by T.J. Brodie.
12:55 of 1st period - Shot by Dion Phaneuf.
12:55 of 1st period - Shot Hit the Post.
13:18 of 1st period - T.J. Brodie is hit by Jared Boll and loses puck.
14:30 of 1st period - Matt Niskanen is hit by Chris Stewart and loses puck.
14:43 of 1st period - Shot by Clarke MacArthur.
14:43 of 1st period - Stopped by Eddie Lack without a rebound.
14:44 of 1st period - Lars Eller wins face-off versus Mark Scheifele in BlackHawks zone.
15:01 of 1st period - Shot by Lars Eller.
15:01 of 1st period - Shot Misses the Net.
15:10 of 1st period - T.J. Brodie is hit by Matt Greene.
15:26 of 1st period - Icing by Matt Carle.
15:27 of 1st period - Zack Smith wins face-off versus Mark Scheifele in Panthers zone.
15:32 of 1st period - Shot by Nathan Horton.
15:32 of 1st period - Shot Misses the Net.
15:44 of 1st period - Nathan Horton is hit by Rob Klinkhammer and loses puck.
16:52 of 1st period - Minor Penalty to Niklas Hjalmarsson for Hooking.
16:53 of 1st period - Matt Duchene wins face-off versus Lars Eller in Panthers zone.
17:04 of 1st period - Lars Eller is hit by Danny DeKeyser and loses puck.
17:37 of 1st period - Shot by Chris Stewart.
17:37 of 1st period - Stopped by Ben Bishop with a rebound.
17:39 of 1st period - Shot by Jarred Tinordi.
17:39 of 1st period - Shot Blocked by Danny DeKeyser.
17:41 of 1st period - Shot by Chris Stewart.
17:41 of 1st period - Deflect By Alex Galchenyuk.
17:41 of 1st period - Stopped by Ben Bishop without a rebound.
17:42 of 1st period - Martin Hanzal wins face-off versus Henrik Zetterberg in Panthers zone.
17:47 of 1st period - Shot by Dion Phaneuf.
17:47 of 1st period - Shot Misses the Net.
17:49 of 1st period - Shot by Jarred Tinordi.
17:49 of 1st period - Stopped by Ben Bishop without a rebound.
17:50 of 1st period - Lars Eller wins face-off versus Henrik Zetterberg in Panthers zone.
19:08 of 1st period - Shot by Patric Hornqvist.
19:08 of 1st period - Shot Misses the Net.
19:21 of 1st period - Off-side.
19:22 of 1st period - Rick Nash wins face-off versus Jared Boll in neutral zone.
19:22 of 1st period - Rick Nash is hit by Patrick Bordeleau.
19:31 of 1st period - Icing by Trevor Lewis.
19:32 of 1st period - Mark Scheifele wins face-off versus Trevor Lewis in BlackHawks zone.
19:32 of 1st period - Hampus Lindholm is hit by Douglas Murray and loses puck.
19:52 of 1st period - Minor Penalty to Mike Komisarek for Boarding.
19:53 of 1st period - Matt Duchene wins face-off versus Zack Smith in BlackHawks zone.
Goals for this period are 1 for BlackHawks vs 0 for Panthers.
Shots for this period are 8 for BlackHawks vs 7 for Panthers.

2nd period


0:01 of 2nd period - Zack Smith wins face-off versus Matt Duchene in neutral zone.
0:20 of 2nd period - Shot by Patric Hornqvist.
0:20 of 2nd period - Deflect By Nathan MacKinnon.
0:20 of 2nd period - Stopped by Eddie Lack without a rebound.
0:21 of 2nd period - Zack Smith wins face-off versus Henrik Zetterberg in BlackHawks zone.
0:49 of 2nd period - Off-side.
0:50 of 2nd period - Zack Smith wins face-off versus Matt Duchene in neutral zone.
1:18 of 2nd period - Icing by Matt Duchene.
1:19 of 2nd period - Martin Hanzal wins face-off versus Matt Duchene in Panthers zone.
2:07 of 2nd period - Shot by Clarke MacArthur.
2:07 of 2nd period - Stopped by Eddie Lack without a rebound.
2:08 of 2nd period - Henrik Zetterberg wins face-off versus Lars Eller in BlackHawks zone.
2:11 of 2nd period - Shot by Marian Hossa.
2:11 of 2nd period - Stopped by Eddie Lack without a rebound.
2:12 of 2nd period - Henrik Zetterberg wins face-off versus Lars Eller in BlackHawks zone.
2:12 of 2nd period - Niklas Hjalmarsson is hit by Dion Phaneuf and loses puck.
2:15 of 2nd period - Shot by Henrik Zetterberg.
2:15 of 2nd period - Stopped by Eddie Lack without a rebound.
2:16 of 2nd period - Lars Eller wins face-off versus Henrik Zetterberg in BlackHawks zone.
2:16 of 2nd period - Jarred Tinordi is hit by Henrik Zetterberg and loses puck.
3:26 of 2nd period - Shot by Patric Hornqvist.
3:26 of 2nd period - Shot Misses the Net.
3:48 of 2nd period - Dwight King is hit by Patric Hornqvist and loses puck.
4:09 of 2nd period - Shot by Matt Carle.
4:09 of 2nd period - Stopped by Eddie Lack without a rebound.
4:10 of 2nd period - Alex Galchenyuk wins face-off versus Mark Scheifele in BlackHawks zone.
4:10 of 2nd period - Alex Galchenyuk is hit by Lauri Korpikoski.
4:40 of 2nd period - Luke Schenn is hit by Mark Scheifele and loses puck.
4:52 of 2nd period - Matt Greene is hit by Rob Klinkhammer and loses puck.
5:19 of 2nd period - Shot by Henrik Zetterberg.
5:19 of 2nd period - Stopped by Eddie Lack with a rebound.
5:24 of 2nd period - Icing by Alex Galchenyuk.
5:25 of 2nd period - Martin Hanzal wins face-off versus Matt Duchene in BlackHawks zone.
6:05 of 2nd period - Shot by Brandon Bollig.
6:05 of 2nd period - Shot Misses the Net.
6:07 of 2nd period - Shot by Nathan Horton.
6:07 of 2nd period - Stopped by Ben Bishop with a rebound.
6:30 of 2nd period - Douglas Murray is hit by Marian Hossa and loses puck.
6:44 of 2nd period - Hampus Lindholm is hit by Dion Phaneuf.
6:52 of 2nd period - Shot by Henrik Zetterberg.
6:52 of 2nd period - Shot Misses the Net.
6:54 of 2nd period - Shot by Henrik Zetterberg.
6:54 of 2nd period - Stopped by Eddie Lack without a rebound.
6:55 of 2nd period - Mark Scheifele wins face-off versus Lars Eller in BlackHawks zone.
6:57 of 2nd period - Minor Penalty to Dion Phaneuf for High sticking.
6:58 of 2nd period - Martin Hanzal wins face-off versus Henrik Zetterberg in BlackHawks zone.
6:58 of 2nd period - Martin Hanzal is hit by Marian Hossa.
7:14 of 2nd period - Shot by Hampus Lindholm.
7:14 of 2nd period - Stopped by Eddie Lack without a rebound.
7:15 of 2nd period - Matt Duchene wins face-off versus Dwight King in BlackHawks zone.
7:24 of 2nd period - Shot by T.J. Brodie.
7:24 of 2nd period - Shot Misses the Net.
7:26 of 2nd period - Shot by Danny DeKeyser.
7:26 of 2nd period - Stopped by Eddie Lack without a rebound.
7:27 of 2nd period - Henrik Zetterberg wins face-off versus Brandon Bollig in BlackHawks zone.
7:30 of 2nd period - Shot by Henrik Zetterberg.
7:30 of 2nd period - Shot Misses the Net.
7:32 of 2nd period - Shot by Henrik Zetterberg.
7:32 of 2nd period - Stopped by Eddie Lack without a rebound.
7:33 of 2nd period - Brandon Bollig wins face-off versus Matt Duchene in BlackHawks zone.
8:43 of 2nd period - Shot by T.J. Brodie.
8:43 of 2nd period - Stopped by Eddie Lack without a rebound.
8:44 of 2nd period - Martin Hanzal wins face-off versus Rick Nash in BlackHawks zone.
9:09 of 2nd period - Shot by Trevor Lewis.
9:09 of 2nd period - Shot Blocked by Danny DeKeyser.
10:03 of 2nd period - Shot by Alex Galchenyuk.
10:03 of 2nd period - Shot Blocked by Niklas Hjalmarsson.
10:10 of 2nd period - Icing by Niklas Hjalmarsson.
10:11 of 2nd period - Lars Eller wins face-off versus Justin Williams in Panthers zone.
10:11 of 2nd period - Mike Richards is hit by Danny DeKeyser and loses puck.
10:18 of 2nd period - Shot by Matt Greene.
10:18 of 2nd period - Shot Blocked by Niklas Hjalmarsson.
10:20 of 2nd period - Shot by Mike Richards.
10:20 of 2nd period - Shot Misses the Net.
10:22 of 2nd period - Shot by Lars Eller.
10:22 of 2nd period - Shot Misses the Net.
10:24 of 2nd period - Shot by Luke Schenn.
10:24 of 2nd period - Stopped by Ben Bishop without a rebound.
10:25 of 2nd period - Matt Duchene wins face-off versus Zack Smith in Panthers zone.
11:48 of 2nd period - Shot by Alex Galchenyuk.
11:48 of 2nd period - Stopped by Ben Bishop without a rebound.
11:49 of 2nd period - Lars Eller wins face-off versus Henrik Zetterberg in Panthers zone.
12:13 of 2nd period - Dwight King is hit by T.J. Brodie and loses puck.
12:16 of 2nd period - Shot by Dwight King.
12:16 of 2nd period - Stopped by Ben Bishop without a rebound.
12:17 of 2nd period - Mark Scheifele wins face-off versus Martin Hanzal in Panthers zone.
12:17 of 2nd period - Mark Scheifele is hit by Chris Stewart.
12:18 of 2nd period - Minor Penalty to Chris Stewart for Holding Stick.
12:19 of 2nd period - Henrik Zetterberg wins face-off versus Zack Smith in BlackHawks zone.
12:22 of 2nd period - Shot by Marian Hossa.
12:22 of 2nd period - Stopped by Eddie Lack with a rebound.
12:52 of 2nd period - Shot by Rick Nash.
12:52 of 2nd period - Stopped by Eddie Lack without a rebound.
12:53 of 2nd period - Matt Duchene wins face-off versus Martin Hanzal in BlackHawks zone.
13:38 of 2nd period - Icing by Rick Nash.
13:39 of 2nd period - Henrik Zetterberg wins face-off versus Zack Smith in Panthers zone.
13:49 of 2nd period - Minor Penalty to Dion Phaneuf for Hooking.
13:50 of 2nd period - Henrik Zetterberg wins face-off versus Martin Hanzal in BlackHawks zone.
14:54 of 2nd period - Icing by Patric Hornqvist.
14:55 of 2nd period - Matt Duchene wins face-off versus Zack Smith in Panthers zone.
15:02 of 2nd period - Shot by Matt Duchene.
15:02 of 2nd period - Stopped by Eddie Lack with a rebound.
15:04 of 2nd period - Shot by Hampus Lindholm.
15:04 of 2nd period - Shot Misses the Net.
15:16 of 2nd period - Shot by Nathan MacKinnon.
15:16 of 2nd period - Stopped by Eddie Lack without a rebound.
15:17 of 2nd period - Henrik Zetterberg wins face-off versus Martin Hanzal in BlackHawks zone.
15:30 of 2nd period - Shot by T.J. Brodie.
15:30 of 2nd period - Stopped by Eddie Lack without a rebound.
15:31 of 2nd period - Matt Duchene wins face-off versus Zack Smith in BlackHawks zone.
15:34 of 2nd period - Shot by T.J. Brodie.
15:34 of 2nd period - Stopped by Eddie Lack without a rebound.
15:35 of 2nd period - Zack Smith wins face-off versus Matt Duchene in BlackHawks zone.
16:25 of 2nd period - Shot by Mike Richards.
16:25 of 2nd period - Shot Misses the Net.
16:27 of 2nd period - Shot by Mike Komisarek.
16:27 of 2nd period - Shot Misses the Net.
17:15 of 2nd period - Shot by Nathan MacKinnon.
17:15 of 2nd period - Stopped by Eddie Lack without a rebound.
17:16 of 2nd period - Mark Scheifele wins face-off versus Martin Hanzal in BlackHawks zone.
17:21 of 2nd period - Shot by Clarke MacArthur.
17:21 of 2nd period - Goal by Clarke MacArthur - BlackHawks : 1 - Panthers : 1.
17:22 of 2nd period - Martin Hanzal wins face-off versus Mark Scheifele in neutral zone.
17:54 of 2nd period - Icing by Dion Phaneuf.
17:55 of 2nd period - Matt Duchene wins face-off versus Martin Hanzal in BlackHawks zone.
17:55 of 2nd period - Matt Duchene is hit by Dion Phaneuf.
19:33 of 2nd period - Shot by Patrick Bordeleau.
19:33 of 2nd period - Shot Misses the Net.
19:35 of 2nd period - Shot by Mike Komisarek.
19:35 of 2nd period - Stopped by Ben Bishop without a rebound.
19:36 of 2nd period - Henrik Zetterberg wins face-off versus Lars Eller in Panthers zone.
19:36 of 2nd period - Henrik Zetterberg is hit by Dion Phaneuf.
19:49 of 2nd period - Icing by Marian Hossa.
19:50 of 2nd period - Henrik Zetterberg wins face-off versus Martin Hanzal in Panthers zone.
19:50 of 2nd period - Marian Hossa is hit by Martin Hanzal.
Goals for this period are 0 for BlackHawks vs 1 for Panthers.
Shots for this period are 5 for BlackHawks vs 19 for Panthers.

3rd period


0:01 of 3rd period - Martin Hanzal wins face-off versus Rick Nash in neutral zone.
0:01 of 3rd period - Jarred Tinordi is hit by Marian Hossa and loses puck.
0:08 of 3rd period - Shot by Marian Hossa.
0:08 of 3rd period - Shot Misses the Net.
0:32 of 3rd period - Shot by Alex Galchenyuk.
0:32 of 3rd period - Stopped by Ben Bishop without a rebound.
0:33 of 3rd period - Matt Duchene wins face-off versus Lars Eller in Panthers zone.
0:33 of 3rd period - Matt Duchene is hit by Lars Eller.
0:39 of 3rd period - Luke Schenn is hit by Matt Duchene.
0:58 of 3rd period - Shot by Nathan MacKinnon.
0:58 of 3rd period - Shot Misses the Net.
1:10 of 3rd period - Shot by Dwight King.
1:10 of 3rd period - Deflect By Mike Richards.
1:10 of 3rd period - Shot Misses the Net.
1:12 of 3rd period - Shot by Luke Schenn.
1:12 of 3rd period - Shot Blocked by Matt Carle.
2:26 of 3rd period - Off-side.
2:27 of 3rd period - Mark Scheifele wins face-off versus Zack Smith in neutral zone.
2:30 of 3rd period - Shot by Hampus Lindholm.
2:30 of 3rd period - Stopped by Eddie Lack without a rebound.
2:31 of 3rd period - Mark Scheifele wins face-off versus Zack Smith in BlackHawks zone.
2:31 of 3rd period - Mark Scheifele is hit by Jarred Tinordi.
2:32 of 3rd period - Matt Niskanen and Dion Phaneuf fight to a draw.
2:32 of 3rd period - Penalty to Matt Niskanen for Fighting.
2:32 of 3rd period - Penalty to Dion Phaneuf for Fighting.
2:33 of 3rd period - Martin Hanzal wins face-off versus Matt Duchene in BlackHawks zone.
2:50 of 3rd period - Shot by Alex Galchenyuk.
2:50 of 3rd period - Stopped by Ben Bishop without a rebound.
2:51 of 3rd period - Henrik Zetterberg wins face-off versus Zack Smith in Panthers zone.
3:24 of 3rd period - Shot by Rick Nash.
3:24 of 3rd period - Shot Misses the Net.
3:26 of 3rd period - Shot by Henrik Zetterberg.
3:26 of 3rd period - Shot Misses the Net.
3:28 of 3rd period - Shot by Niklas Hjalmarsson.
3:28 of 3rd period - Shot Blocked by Mike Komisarek.
3:30 of 3rd period - Shot by Danny DeKeyser.
3:30 of 3rd period - Shot Blocked by Douglas Murray.
3:32 of 3rd period - Shot by Niklas Hjalmarsson.
3:32 of 3rd period - Shot Misses the Net.
3:34 of 3rd period - Shot by Niklas Hjalmarsson.
3:34 of 3rd period - Stopped by Eddie Lack without a rebound.
3:34 of 3rd period - Minor Penalty to Eddie Lack for Slashing.
3:35 of 3rd period - Matt Duchene wins face-off versus Martin Hanzal in BlackHawks zone.
3:58 of 3rd period - Shot by Matt Duchene.
3:58 of 3rd period - Stopped by Eddie Lack without a rebound.
3:59 of 3rd period - Henrik Zetterberg wins face-off versus Zack Smith in BlackHawks zone.
5:40 of 3rd period - Shot by Justin Williams.
5:40 of 3rd period - Shot Misses the Net.
5:42 of 3rd period - Shot by Sami Salo.
5:42 of 3rd period - Stopped by Eddie Lack without a rebound.
5:43 of 3rd period - Trevor Lewis wins face-off versus Mark Scheifele in BlackHawks zone.
6:12 of 3rd period - Shot by Justin Williams.
6:12 of 3rd period - Shot Misses the Net.
6:51 of 3rd period - Icing by Matt Duchene.
6:52 of 3rd period - Matt Duchene wins face-off versus Alex Galchenyuk in Panthers zone.
7:55 of 3rd period - Mike Richards is hit by Matt Carle and loses puck.
8:07 of 3rd period - Icing by Matt Carle.
8:08 of 3rd period - Zack Smith wins face-off versus Henrik Zetterberg in Panthers zone.
8:14 of 3rd period - Zack Smith is hit by Matt Carle and loses puck.
8:15 of 3rd period - Minor Penalty to Matt Carle for Roughing.
8:16 of 3rd period - Lars Eller wins face-off versus Henrik Zetterberg in Panthers zone.
8:17 of 3rd period - Shot by Dion Phaneuf.
8:17 of 3rd period - Shot Misses the Net.
8:19 of 3rd period - Shot by Brandon Bollig.
8:19 of 3rd period - Stopped by Ben Bishop without a rebound.
8:20 of 3rd period - Henrik Zetterberg wins face-off versus Lars Eller in Panthers zone.
8:44 of 3rd period - Shot by Dwight King.
8:44 of 3rd period - Stopped by Ben Bishop with a rebound.
8:46 of 3rd period - Shot by Luke Schenn.
8:46 of 3rd period - Shot Misses the Net.
8:48 of 3rd period - Shot by Douglas Murray.
8:48 of 3rd period - Stopped by Ben Bishop with a rebound.
8:50 of 3rd period - Shot by Douglas Murray.
8:50 of 3rd period - Stopped by Ben Bishop without a rebound.
8:51 of 3rd period - Martin Hanzal wins face-off versus Henrik Zetterberg in Panthers zone.
8:56 of 3rd period - Shot by Dion Phaneuf.
8:56 of 3rd period - Shot Misses the Net.
8:58 of 3rd period - Shot by Martin Hanzal.
8:58 of 3rd period - Stopped by Ben Bishop with a rebound.
9:07 of 3rd period - Shot by Alex Galchenyuk.
9:07 of 3rd period - Stopped by Ben Bishop with a rebound.
9:09 of 3rd period - Shot by Dion Phaneuf.
9:09 of 3rd period - Stopped by Ben Bishop with a rebound.
9:11 of 3rd period - Shot by Jarred Tinordi.
9:11 of 3rd period - Stopped by Ben Bishop without a rebound.
9:12 of 3rd period - Lars Eller wins face-off versus Matt Duchene in Panthers zone.
10:34 of 3rd period - Clarke MacArthur is hit by Luke Schenn and loses puck.
11:14 of 3rd period - Icing by Danny DeKeyser.
11:15 of 3rd period - Martin Hanzal wins face-off versus Matt Duchene in Panthers zone.
11:39 of 3rd period - Niklas Hjalmarsson is hit by Mike Komisarek and loses puck.
11:40 of 3rd period - Minor Penalty to Mike Komisarek for Slashing.
11:41 of 3rd period - Zack Smith wins face-off versus Marian Hossa in BlackHawks zone.
11:41 of 3rd period - Zack Smith is hit by Rick Nash.
11:42 of 3rd period - Zack Smith from BlackHawks is injured at 11:42 of 3rd period (Left Foot).
11:43 of 3rd period - Alex Galchenyuk wins face-off versus Henrik Zetterberg in BlackHawks zone.
11:43 of 3rd period - Alex Galchenyuk is hit by Rick Nash.
12:24 of 3rd period - Icing by Henrik Zetterberg.
12:25 of 3rd period - Henrik Zetterberg wins face-off versus Martin Hanzal in Panthers zone.
12:35 of 3rd period - Icing by Matt Niskanen.
12:36 of 3rd period - Henrik Zetterberg wins face-off versus Alex Galchenyuk in Panthers zone.
13:27 of 3rd period - Shot by Patric Hornqvist.
13:27 of 3rd period - Shot Blocked by Douglas Murray.
13:29 of 3rd period - Shot by T.J. Brodie.
13:29 of 3rd period - Shot Misses the Net.
13:31 of 3rd period - Shot by Danny DeKeyser.
13:31 of 3rd period - Goal by Danny DeKeyser - BlackHawks : 1 - Panthers : 2.
13:32 of 3rd period - Mark Scheifele wins face-off versus Lars Eller in neutral zone.
13:35 of 3rd period - Shot by Sami Salo.
13:35 of 3rd period - Shot Misses the Net.
13:46 of 3rd period - Dion Phaneuf is hit by Sami Salo and loses puck.
13:57 of 3rd period - Shot by Clarke MacArthur.
13:57 of 3rd period - Stopped by Eddie Lack without a rebound.
13:58 of 3rd period - Trevor Lewis wins face-off versus Marian Hossa in BlackHawks zone.
14:11 of 3rd period - Matt Greene is hit by Henrik Zetterberg and loses puck.
14:18 of 3rd period - Shot by Henrik Zetterberg.
14:18 of 3rd period - Deflect By Rick Nash.
14:18 of 3rd period - Shot Misses the Net.
14:30 of 3rd period - Shot by Henrik Zetterberg.
14:30 of 3rd period - Shot Misses the Net.
14:32 of 3rd period - Shot by Rick Nash.
14:32 of 3rd period - Stopped by Eddie Lack without a rebound.
14:33 of 3rd period - Matt Duchene wins face-off versus Lars Eller in BlackHawks zone.
14:36 of 3rd period - Shot by Matt Duchene.
14:36 of 3rd period - Shot Misses the Net.
14:42 of 3rd period - Shot by Patric Hornqvist.
14:42 of 3rd period - Shot Hit the Post.
14:44 of 3rd period - Shot by Niklas Hjalmarsson.
14:44 of 3rd period - Shot Misses the Net.
14:52 of 3rd period - Shot by Nathan MacKinnon.
14:52 of 3rd period - Goal by Nathan MacKinnon - BlackHawks : 1 - Panthers : 3.
14:53 of 3rd period - Mark Scheifele wins face-off versus Chris Stewart in neutral zone.
15:00 of 3rd period - Shot by Hampus Lindholm.
15:00 of 3rd period - Shot Blocked by Luke Schenn.
15:02 of 3rd period - Shot by Hampus Lindholm.
15:02 of 3rd period - Stopped by Eddie Lack without a rebound.
15:03 of 3rd period - Henrik Zetterberg wins face-off versus Lars Eller in BlackHawks zone.
15:12 of 3rd period - Shot by Mike Richards.
15:12 of 3rd period - Stopped by Ben Bishop without a rebound.
15:13 of 3rd period - Matt Duchene wins face-off versus Martin Hanzal in Panthers zone.
15:24 of 3rd period - Shot by Alex Galchenyuk.
15:24 of 3rd period - Shot Blocked by Matt Duchene.
15:28 of 3rd period - Shot by Chris Stewart.
15:28 of 3rd period - Stopped by Ben Bishop without a rebound.
15:29 of 3rd period - Rick Nash wins face-off versus Dwight King in Panthers zone.
15:54 of 3rd period - Shot by Danny DeKeyser.
15:54 of 3rd period - Shot Misses the Net.
15:56 of 3rd period - Shot by Danny DeKeyser.
15:56 of 3rd period - Shot Misses the Net.
16:08 of 3rd period - Shot by Henrik Zetterberg.
16:08 of 3rd period - Stopped by Eddie Lack without a rebound.
16:09 of 3rd period - Nathan MacKinnon wins face-off versus Martin Hanzal in BlackHawks zone.
16:41 of 3rd period - Shot by Nathan MacKinnon.
16:41 of 3rd period - Stopped by Eddie Lack without a rebound.
16:42 of 3rd period - Mark Scheifele wins face-off versus Lars Eller in BlackHawks zone.
16:54 of 3rd period - Minor Penalty to Mike Komisarek for Hooking.
16:55 of 3rd period - Alex Galchenyuk wins face-off versus Henrik Zetterberg in BlackHawks zone.
17:11 of 3rd period - Shot by Matt Niskanen.
17:11 of 3rd period - Stopped by Eddie Lack without a rebound.
17:12 of 3rd period - Matt Duchene wins face-off versus Alex Galchenyuk in BlackHawks zone.
17:15 of 3rd period - Shot by Danny DeKeyser.
17:15 of 3rd period - Shot Misses the Net.
17:49 of 3rd period - Dion Phaneuf is hit by Patric Hornqvist and loses puck.
18:51 of 3rd period - Dwight King is hit by Marian Hossa.
19:18 of 3rd period - Off-side.
19:19 of 3rd period - Martin Hanzal wins face-off versus Matt Duchene in neutral zone.
19:29 of 3rd period - Minor Penalty to Douglas Murray for Hooking.
19:30 of 3rd period - Alex Galchenyuk wins face-off versus Matt Duchene in BlackHawks zone.
Goals for this period are 0 for BlackHawks vs 2 for Panthers.
Shots for this period are 12 for BlackHawks vs 12 for Panthers.


Output by the SimonT Hockey Simulator (STHS) for Stephane Roy -- Original Page W3C XHTML 1.0 Valid
Hockey Simulator - Hockey Simulation - Hockey Manager